 Dungeon Crawl Stone Soup version 0.28-a0-984-g3775c662fe (webtiles) character file.

Game seed: 3265892558369833242

32 demibob the Skirmisher (level 3, -2/43 HPs)
             Began as a Demonspawn Wanderer on Dec 4, 2021.
             Was a High Priest of Ignis.
             Frozen to death by an endoplasm (4 damage)
             ... on level 2 of the Dungeon.
             The game lasted 00:02:34 (1228 turns).

demibob the Skirmisher (Demonspawn Wanderer)        Turns: 1228, Time: 00:02:34

Health: -2/43      AC: 21    Str: 14    XL:     3   Next: 8%
Magic:  3/3        EV:  2    Int: 13    God:    Ignis [*****.]
Gold:   82         SH:  0    Dex: 12    Spells: 2/2 levels left

rFire   + . .      SeeInvis .   b - +0 mace
rCold   . . .      Faith    .   (no shield)
rNeg    . . .      Spirit   .   (armour currently unavailable)
rPois   +          Reflect  .   (helmet currently unavailable)
rElec   .          Harm     .   (cloak currently unavailable)
rCorr   .          Rampage  .   (gloves currently unavailable)
Will    .....      NoTele   +   (boots currently unavailable)
Stlth   ++........              (no amulet)
HPRegen 0.14/turn               (no ring)
MPRegen 0.08/turn               (no ring)

@: tree-form
A: stationary, stasis, torment immunity, boosted hp, powered by death 1
a: Renounce Religion, Fiery Armour, Foxfire Swarm, Rising Flame


You were on level 2 of the Dungeon.
You worshipped Ignis.
Ignis was extremely pleased with you.
You were a tree.
You visited 1 branch of the dungeon, and saw 2 of its levels.

You collected 82 gold pieces.


Innate Abilities, Weirdness & Mutations

You are a tree.
Your roots penetrate the ground, keeping you stationary.
You cannot be teleported.
You are immune to unholy pain and torment.
Your maximum health is greatly increased.
Your equipment is partially melded.
You regenerate a little health from kills.


   Skills:
 - Level 3.0 Fighting
 + Level 1.5 Maces & Flails
 + Level 2.6 Crossbows
 - Level 1.0 Throwing
 - Level 1.7 Armour
 - Level 1.0 Stealth
 - Level 1.0 Shields


You had 2 spell levels left.
You didn't know any spells.
Your spell library contained the following spells:

 Spells                   Type           Power      Damage    Failure   Level
 Beastly Appendage        Tmut           0%         N/A       30%         1
 Wereblood                Tmut           0%         N/A       43%         2
 Spider Form              Tmut/Pois      0%         N/A       67%         3

Inventory:

Hand Weapons
 a - a +2 hand crossbow
 b - a +0 mace (weapon)
Missiles
 f - 26 bolts
Armour
 e - a +0 robe (melded)
 h - a +1 pair of gloves
Wands
 g - a wand of iceblast (8)
Scrolls
 c - 2 scrolls of teleportation {@r2}

Dungeon Overview and Level Annotations

Branches:
Dungeon (2/15)

Altars:
Ignis

#.# #.# #.#
#.# #.# #.#
#.# #.# #♣#
#J# ##
####B###.###
#...........
#?.......##.
#........#
#........##.
####........
#†.......


You could see an endoplasm and a giant cockroach.


Message History

You are too injured to fight recklessly!
You are too injured to fight recklessly!
The giant cockroach waves its antennae.
The giant cockroach bites you but does no damage.
The endoplasm closely misses you. The giant cockroach bites you.
* * * LOW HITPOINT WARNING * * *
You hit the endoplasm.
The endoplasm is heavily wounded.
The endoplasm hits you.
* * * LOW HITPOINT WARNING * * *
The endoplasm freezes you.
You are frozen.
* * * LOW HITPOINT WARNING * * *
Really quaff the potion of lignification?
You turn into a tree.
Your +0 robe melds into your body.
Your roots penetrate the ground.
The endoplasm freezes you.
You are frozen.
* * * LOW HITPOINT WARNING * * *
You hit the endoplasm but do no damage.
The endoplasm is heavily wounded.
The endoplasm freezes you.
You are frozen.
* * * LOW HITPOINT WARNING * * *
You hit the endoplasm.
The endoplasm is almost dead.
The endoplasm freezes you.
You are frozen.
You die...

Skill      XL: |  1  2 |
---------------+-------+-----
Crossbows      | 2 |  2.6
Maces & Flails | 1 |  1.5
Fighting       | |  3.0
Throwing       | |  1.0
Armour         | |  1.7
Stealth        | |  1.0
Shields        | |  1.0

Action                   || total
-------------------------++-------
Melee: Mace              ||    60
 Fire: Hand crossbow     ||    26
  Use: Scroll            ||     2
       Potion            ||     2
 Stab: Sleeping          ||     4
Armor: Robe              ||    16
Dodge: Dodged            ||    37

Levels and vault maps discovered:
D:1:      zelgadis_glass_arrival_small, layout_basic,
          hellmonk_ecumenical_altar_heavens_door, nrook_mini_backslash
D:2:      layout_basic

Notes
Turn   | Place    | Note
-------+----------+-------------------------------------------
     0 | D:1      | demibob the Demonspawn Wanderer began the quest for the
                  | Orb.
     0 | D:1      | demibob set off with the following items: a +2 hand
                  | crossbow, 28 bolts, a scroll of teleportation {@r2}, a
                  | potion of curing {@q1}, a +0 robe
     0 | D:1      | Reached XP level 1. HP: 18/18 MP: 1/1
    82 | D:1      | Reached skill level 2 in Crossbows
   218 | D:1      | Gained mutation: You regenerate a little health from kills.
                  | [demonic ancestry]
   218 | D:1      | Reached XP level 2. HP: 24/24 MP: 2/2
   329 | D:1      | Found a faded altar of an unknown god.
   332 | D:1      | Prayed at the altar of an unknown god.
   332 | D:1      | Became a worshipper of Ignis, the Dying Flame
   413 | D:1      | Reached skill level 1 in Maces & Flails
  1022 | D:2      | Reached XP level 3. HP: 19/29 MP: 3/3
  1227 | D:2      | HP: 1/43 [frozen (4)]
  1228 | D:2      | Frozen to death by an endoplasm

Vanquished Creatures
  An adder (D:2)
  2 endoplasms
  A giant cockroach (D:1)
  A goblin (D:1)
  3 hobgoblins
  3 ball pythons
  2 bats
  4 frilled lizards
  4 kobolds
  3 rats
24 creatures vanquished.

Table legend: (Time is in decaauts)
 A = Elapsed time spent in this place.
 B = Non-inter-level travel time spent in this place.
 C = Inter-level travel time spent in this place.
 D = Time resting spent in this place.
 E = Time spent auto-exploring this place.
 F = Levels seen in this place.
 G = Mean time per level.
                   A        B        C        D        E       F      G
               +--------+--------+--------+--------+--------+-----+--------+
         Total |   1254 |   1233 |     21 |    132 |    825 |   2 |  627.0 |
       Dungeon |   1254 |   1233 |     21 |    132 |    825 |   2 |  627.0 |
               +--------+--------+--------+--------+--------+-----+--------+

Top non-repeatable levels by time:
     D:1: 723 daAuts
     D:2: 531 daAuts

Table legend:
 A = Non-vault XP
 B = Vault XP
 C = Vault XP percentage of total XP
 D = Non-vault monster count
 E = Vault monster count
 F = Vault count percentage of total count
                 A         B        C        D         E       F
            +---------+---------+-------+---------+---------+-------
      Total |      46 |       0 |   0.0 |      24 |       0 |   0.0
            +---------+---------+-------+---------+---------+-------
        D:1 |      20 |       0 |   0.0 |      14 |       0 |   0.0
        D:2 |      26 |       0 |   0.0 |      10 |       0 |   0.0
            +---------+---------+-------+---------+---------+-------
